[Event "Titled Tuesday Blitz May 23 Late 2023"]
[White "Gheorghiu, Calin"]
[Black "Martinez Alcantara, Jose Eduardo"]
[WhiteFideId "1200305"]
[BlackFideId "3805662"]
[WhiteElo "2223"]
[BlackElo "2711"]
[Result "0-1"]
[Round "04"]
[TimeControl "180+2"]
[Date "2023.05.23"]
[WhiteClock "0:00:14"]
[BlackClock "0:00:50"]

1. e4 c5 2. Nf3 d6 3. Bb5+ Nd7 4. O-O a6 5. Bxd7+ Bxd7 6. d4 cxd4 7. Qxd4 Rc8 8. c4 e5 9. Qd3 b5 10. Na3 Qb6 11. Be3 Qb7 12. cxb5 axb5 13. Rac1 Rxc1 14. Rxc1 Nf6 15. Nd2 Be7 16. Nc2 h6 17. Nb4 O-O 18. f3 Ra8 19. Nb3 Bf8 20. a3 Be6 21. Rc3 d5 22. Nc5 Bxc5 23. Bxc5 dxe4 24. fxe4 Qxe4 25. Qxe4 Nxe4 26. Rc1 Nd2 27. Bd6 Nc4 28. Bc5 Nxb2 29. Bf2 Nc4 0-1


[Site "https://www.chess.com"]

[Event "Titled Tuesday Blitz May 23 Late 2023"]
[White "Checa, Nicolas"]
[Black "Manukyan, Sargis A."]
[WhiteFideId "2069342"]
[BlackFideId "13303970"]
[WhiteElo "2507"]
[BlackElo "2187"]
[Result "1-0"]
[Round "04"]
[TimeControl "180+2"]
[Date "2023.05.23"]
[WhiteClock "0:01:08"]
[BlackClock "0:00:04"]

1. d4 d5 2. c4 e6 3. Nf3 Nf6 4. Nc3 Be7 5. Bf4 c5 6. dxc5 Na6 7. e3 Nxc5 8. Be2 O-O 9. O-O dxc4 10. Bxc4 a6 11. a4 b6 12. Qe2 Bb7 13. Rfd1 Qe8 14. h3 h6 15. b4 Nce4 16. Nxe4 Nxe4 17. Qb2 Bf6 18. Be5 Qe7 19. Bxf6 Qxf6 20. Qxf6 Nxf6 21. Rd6 Rac8 22. Ne5 b5 23. axb5 axb5 24. Bxb5 Nd5 25. Bc6 Ba8 26. b5 f6 27. Nd7 Rfd8 28. Bxa8 Rxa8 29. Rxa8 Rxa8 30. Rxe6 Kf7 31. Rd6 Nc3 32. b6 Ra1+ 33. Kh2 Rb1 34. Nc5 Rb5 35. b7 Ke8 36. Rc6 Na4 37. Rc8+ Ke7 38. Nxa4 Rxb7 39. Nc3 Ra7 40. Rc4 Kf7 41. g4 Kg6 42. Rc5 Kh7 43. Kg3 Ra6 44. h4 Ra7 45. h5 Rb7 46. Nd5 Ra7 47. Rc7 Ra6 48. f3 Rd6 49. e4 Ra6 50. Ne7 Ra8 51. Rc8 Ra3 52. Kf4 f5 53. gxf5 g5+ 54. fxg6+ Kg7 55. Nf5+ Kf6 56. Rc6# 1-0


[Site "https://www.chess.com"]

[Event "Titled Tuesday Blitz May 23 Late 2023"]
[White "Hakobyan, Aram"]
[Black "Denishev, Marat"]
[WhiteFideId "13306677"]
[BlackFideId "24131563"]
[WhiteElo "2584"]
[BlackElo "2311"]
[Result "1-0"]
[Round "04"]
[TimeControl "180+2"]
[Date "2023.05.23"]
[WhiteClock "0:00:32"]
[BlackClock "0:00:02"]

1. d4 Nf6 2. c4 c5 3. d5 b5 4. cxb5 a6 5. b6 d6 6. Nc3 g6 7. e4 Bg7 8. Nf3 O-O 9. Be2 Qxb6 10. O-O Bg4 11. Nd2 Bxe2 12. Qxe2 Nbd7 13. Nc4 Qb4 14. Bd2 a5 15. a4 Nb6 16. Nxb6 Qxb6 17. Nb5 Nd7 18. Bc3 Rac8 19. Bxg7 Kxg7 20. Rac1 Ne5 21. Qe3 Qb7 22. f4 Nd7 23. b3 c4 24. bxc4 Nc5 25. e5 Rfd8 26. f5 dxe5 27. fxg6 hxg6 28. Qxe5+ f6 29. Qe2 Nxa4 30. Rce1 Rd7 31. h4 Nb6 32. Nd4 Rxc4 33. Ne6+ Kf7 34. h5 Qxd5 35. hxg6+ Kg8 36. Rd1 Qe4 37. Qh5 Qe3+ 38. Kh1 Qxe6 39. Qh7+ Kf8 40. g7+ Kf7 41. g8=Q# 1-0


[Site "https://www.chess.com"]

[Event "Titled Tuesday Blitz May 23 Late 2023"]
[White "Korchmar, Vasiliy"]
[Black "Svane, Rasmus"]
[WhiteFideId "24131750"]
[BlackFideId "4657101"]
[WhiteElo "2370"]
[BlackElo "2601"]
[Result "0-1"]
[Round "04"]
[TimeControl "180+2"]
[Date "2023.05.23"]
[WhiteClock "0:00:02"]
[BlackClock "0:01:05"]

1. e4 c6 2. d4 d5 3. e5 Bf5 4. Nd2 e6 5. Nb3 Ne7 6. Nf3 Nd7 7. Be2 Ng6 8. O-O f6 9. exf6 Qxf6 10. c4 Bd6 11. cxd5 exd5 12. Bd3 O-O 13. Bg5 Qf7 14. Bxf5 Qxf5 15. Re1 Rae8 16. Na5 h6 17. Bd2 Rxe1+ 18. Qxe1 Rb8 19. Qe2 Nf6 20. Re1 Ne4 21. b4 Nxd2 22. Qxd2 Nf4 23. Re3 Qb1+ 24. Ne1 Bxb4 0-1


[Site "https://www.chess.com"]

[Event "Titled Tuesday Blitz May 23 Late 2023"]
[White "Fridman, Daniel"]
[Black "Melikyan, Gnel"]
[WhiteFideId "11600454"]
[BlackFideId "54109990"]
[WhiteElo "2525"]
[BlackElo "2138"]
[Result "0-1"]
[Round "04"]
[TimeControl "180+2"]
[Date "2023.05.23"]
[WhiteClock "0:00:41"]
[BlackClock "0:00:44"]

1. d4 Nf6 2. Nf3 g6 3. g3 Bg7 4. Bg2 O-O 5. c4 d6 6. Nc3 c6 7. O-O Qb6 8. b3 Qa5 9. Bd2 Qh5 10. e4 Bg4 11. Bf4 Nfd7 12. Qd3 Na6 13. Rac1 Nb4 14. Qe3 e5 15. dxe5 dxe5 16. Bg5 f6 17. Bh4 Bh6 18. Qe2 Bxc1 19. Rxc1 g5 20. h3 Bxf3 21. Bxf3 Qf7 22. Bh5 Qg7 23. c5 Na6 24. Bxg5 fxg5 25. b4 Nf6 26. Bf3 Rad8 27. a3 Nc7 28. Nd1 Ne6 29. Qa2 Qf7 30. Be2 Kh8 31. Bc4 Rfe8 32. f3 Nh5 33. Kf2 Nxg3 34. Ne3 Rd2+ 0-1


[Site "https://www.chess.com"]

[Event "Titled Tuesday Blitz May 23 Late 2023"]
[White "Ibarra Jerez, Jose Carlos"]
[Black "Spitzl, Vinzent"]
[WhiteFideId "2226332"]
[BlackFideId "12901253"]
[WhiteElo "2638"]
[BlackElo "2225"]
[Result "1/2-1/2"]
[Round "04"]
[TimeControl "180+2"]
[Date "2023.05.23"]
[WhiteClock "0:00:08"]
[BlackClock "0:00:03"]

1. e4 c5 2. Nf3 d6 3. d4 cxd4 4. Nxd4 Nf6 5. Nc3 a6 6. Be3 e5 7. Nf3 Be7 8. Bc4 O-O 9. O-O Nc6 10. Bg5 Be6 11. Bb3 Nd7 12. Be3 Nb6 13. Bxb6 Qxb6 14. Nd5 Qd8 15. c3 Rc8 16. Qe2 Na5 17. Rfd1 Nxb3 18. axb3 Bg5 19. h3 Bh6 20. Nh2 Bg5 21. b4 Qe8 22. Qh5 Bd8 23. Qe2 Qc6 24. Ng4 f5 25. Nh2 fxe4 26. Qxe4 Bxd5 27. Rxd5 Bb6 28. Rf1 Rf4 29. Qd3 Rcf8 30. Rxd6 Rxf2 31. Rxf2 Bxf2+ 32. Kh1 Qa4 33. Qd5+ Kh8 34. Nf3 Qa1+ 35. Kh2 Qc1 36. Qxe5 Be3 37. g3 Qxb2+ 38. Kh1 Qc1+ 39. Kg2 Qc2+ 40. Kh1 Qf2 41. Qe4 Qf1+ 42. Kh2 Qf2+ 43. Kh1 Qf1+ 44. Kh2 Qe2+ 45. Kh1 Qf1+ 1/2-1/2


[Site "https://www.chess.com"]

[Event "Titled Tuesday Blitz May 23 Late 2023"]
[White "Terry, Renato"]
[Black "Arabidze, Meri"]
[WhiteFideId "3803457"]
[BlackFideId "13604040"]
[WhiteElo "2575"]
[BlackElo "2405"]
[Result "1-0"]
[Round "04"]
[TimeControl "180+2"]
[Date "2023.05.23"]
[WhiteClock "0:00:38"]
[BlackClock "0:00:00"]

1. e4 c5 2. Nf3 e6 3. Nc3 a6 4. g3 Nc6 5. Bg2 b5 6. O-O b4 7. Ne2 Nf6 8. e5 Nd5 9. c4 bxc3 10. dxc3 Be7 11. c4 Nb6 12. b3 O-O 13. Nf4 Bb7 14. Nh5 d5 15. exd6 Qxd6 16. Qe2 Nd4 17. Nxd4 Bxg2 18. Nf5 exf5 19. Kxg2 Rfe8 20. Qf3 g6 21. Nf4 Bf6 22. Rb1 Rad8 23. Be3 Bd4 24. Rbd1 Nd7 25. Nd5 Bxe3 26. Nxe3 Qe6 27. Nd5 Ne5 28. Qc3 Qc6 29. Rfe1 f6 30. f4 Nf7 31. Qxf6 Rxe1 32. Rxe1 Qxf6 33. Nxf6+ Kg7 34. Nd5 a5 35. Re7 a4 36. bxa4 Rb8 37. Re2 Nd6 38. Re7+ Kh6 39. Nf6 Rh8 40. a5 Nxc4 41. a6 g5 42. a7 Kg6 43. Ne8 Nb6 44. Re6+ Kf7 45. Rxb6 Rxe8 46. Rb8 Re2+ 47. Kf1 Rxa2 48. a8=Q 1-0


[Site "https://www.chess.com"]

[Event "Titled Tuesday Blitz May 23 Late 2023"]
[White "Dardha, Daniel"]
[Black "Tomiello, Mateus Costamilan"]
[WhiteFideId "240990"]
[BlackFideId "22701958"]
[WhiteElo "2581"]
[BlackElo "1990"]
[Result "1-0"]
[Round "04"]
[TimeControl "180+2"]
[Date "2023.05.23"]
[WhiteClock "0:00:34"]
[BlackClock "0:00:15"]

1. e4 e5 2. Qg4 Nf6 3. Qg3 Nc6 4. Nc3 g6 5. Bc4 Bg7 6. Nge2 O-O 7. O-O d6 8. d3 a6 9. f4 Nh5 10. Qe1 exf4 11. Nxf4 Nxf4 12. Bxf4 Nd4 13. Qd2 b5 14. Bb3 Nxb3 15. axb3 Bb7 16. Bh6 Qe7 17. Bxg7 Kxg7 18. b4 c5 19. bxc5 dxc5 20. Rf2 Rad8 21. Raf1 c4 22. Ne2 cxd3 23. cxd3 Kg8 24. Ng3 Qd6 25. Qg5 Qxd3 26. Nf5 f6 27. Ne7+ Kg7 28. Qc5 Qd4 29. Qa3 Rd7 30. h4 Rf7 31. Nd5 Qxe4 32. Nf4 Qd4 33. Ne6+ Kg8 34. Nxd4 Rxd4 35. Rxf6 Rxf6 36. Rxf6 1-0


[Site "https://www.chess.com"]

[Event "Titled Tuesday Blitz May 23 Late 2023"]
[White "Eugene, Floryan"]
[Black "Zhigalko, Sergei"]
[WhiteFideId "20694784"]
[BlackFideId "13502956"]
[WhiteElo "2369"]
[BlackElo "2626"]
[Result "0-1"]
[Round "04"]
[TimeControl "180+2"]
[Date "2023.05.23"]
[WhiteClock "0:00:04"]
[BlackClock "0:00:07"]

1. d4 Nf6 2. c4 e6 3. g4 h6 4. Nc3 d5 5. g5 hxg5 6. Bxg5 Be7 7. Nf3 Ne4 8. Bxe7 Qxe7 9. e3 Nc6 10. Bd3 Nxc3 11. bxc3 Bd7 12. Rg1 g6 13. Rb1 b6 14. Qc2 Qf6 15. Ke2 O-O-O 16. cxd5 exd5 17. Qa4 Qxf3+ 18. Kxf3 Ne5+ 19. dxe5 Bxa4 20. e6 fxe6 21. Rxg6 Rxh2 22. Rxe6 Rf8+ 23. Kg3 Rhxf2 24. Rh1 R8f3+ 25. Kh4 Rxa2 26. Rg1 Rh2+ 27. Kg5 Rh8 28. Kg4 Rhf8 29. Kh4 Bd7 30. Re7 Rh3+ 31. Kg5 Kd8 32. Rxd7+ Kxd7 33. Bf5+ Rxf5+ 34. Kxf5 Rxe3 35. Rg6 Rxc3 36. Ke5 Re3+ 37. Kxd5 c6+ 38. Kd4 Re7 39. Rh6 Kc7 40. Kc4 Rd7 41. Rh5 a5 42. Rh6 b5+ 43. Kc3 Kb6 44. Rh5 Rd5 45. Rh4 a4 46. Rh8 Kc5 47. Rh4 b4+ 48. Kc2 Kb5 49. Kb2 c5 50. Rh8 a3+ 51. Kb3 Rd3+ 52. Kc2 Rc3+ 53. Kb1 Kc4 54. Rh2 Rb3+ 55. Ka1 Rd3 56. Rc2+ Kb5 57. Rc1 b3 58. Rh1 Kb4 59. Rg1 c4 60. Kb1 Rd2 61. Kc1 Rc2+ 62. Kb1 Rb2+ 63. Ka1 Re2 64. Kb1 c3 65. Rg5 Re1# 0-1


[Site "https://www.chess.com"]

[Event "Titled Tuesday Blitz May 23 Late 2023"]
[White "Novik, Maxim"]
[Black "Grigoriants, Sergey"]
[WhiteFideId "4102924"]
[BlackFideId "4130804"]
[WhiteElo "2287"]
[BlackElo "2502"]
[Result "1/2-1/2"]
[Round "04"]
[TimeControl "180+2"]
[Date "2023.05.23"]
[WhiteClock "0:00:09"]
[BlackClock "0:00:06"]

1. d4 Nf6 2. c4 e6 3. Nc3 Bb4 4. e3 O-O 5. Bd3 c5 6. Ne2 d5 7. cxd5 cxd4 8. exd4 Nxd5 9. O-O Nc6 10. Bc2 Re8 11. Qd3 g6 12. Ne4 Be7 13. a3 b6 14. Bh6 Bb7 15. Rad1 Rc8 16. Bb1 f5 17. N4c3 Bf6 18. Ba2 Nce7 19. Rfe1 Kh8 20. Nf4 Nxf4 21. Bxf4 Nd5 22. Be5 Bxe5 23. Rxe5 Qd6 24. Bxd5 Bxd5 25. Nxd5 exd5 26. Rde1 Rxe5 27. dxe5 Qe6 28. h4 Kg7 29. f4 Rc4 30. g3 h5 31. Kh2 Kf7 32. b3 Rc5 33. Re2 Kg7 34. Rd2 Kf7 35. b4 Rc6 36. Qxd5 Qxd5 37. Rxd5 Ke6 38. Rd2 a5 39. b5 Rc3 40. Rd6+ Kf7 41. Rf6+ Kg7 42. Rxb6 Rxa3 43. Rb7+ Kf8 44. Kg2 Rb3 45. Kf2 a4 46. b6 a3 47. Ra7 Rxb6 48. Rxa3 Kf7 49. Ke3 Ke6 50. Kd4 Rb4+ 51. Kc5 Rb1 52. Ra6+ Kf7 53. Rf6+ Kg7 54. Rd6 Rb3 55. Kc6 Rxg3 56. Kd7 Rf3 57. e6 Re3 58. Rd5 Kf6 59. Rd6 Re4 60. Ra6 Re3 61. Rb6 Re4 62. Rc6 Re3 63. Rd6 Re4 64. Rc6 Re3 65. Rb6 Re4 66. Ra6 Re3 67. Rc6 Re4 68. Rd6 Re3 69. e7+ Kf7 70. Rxg6 Rxe7+ 71. Kd6 Re4 72. Rg5 Rxf4 73. Rxh5 Kg6 74. Rg5+ Kf6 75. Rh5 Rd4+ 76. Kc5 Rd1 77. Rh8 Ke5 78. h5 Rc1+ 79. Kb4 Kf4 80. h6 Rh1 81. h7 Kf3 82. Rf8 Rxh7 83. Rxf5+ Kg4 84. Rc5 Rf7 1/2-1/2


[Site "https://www.chess.com"]

[Event "Titled Tuesday Blitz May 23 Late 2023"]
[White "Ambartsumova, Karina"]
[Black "Moroni, Luca Jr"]
[WhiteFideId "4166299"]
[BlackFideId "865834"]
[WhiteElo "2240"]
[BlackElo "2569"]
[Result "0-1"]
[Round "04"]
[TimeControl "180+2"]
[Date "2023.05.23"]
[WhiteClock "0:00:00"]
[BlackClock "0:00:06"]

1. e4 b5 2. Bxb5 Bb7 3. Nc3 f5 4. d3 Nf6 5. Qe2 e5 6. Nf3 fxe4 7. dxe4 Bb4 8. Bd2 Qe7 9. O-O Nc6 10. Nd5 Nxd5 11. exd5 Bxd2 12. dxc6 dxc6 13. Ba6 Bxa6 14. Qxa6 Rd8 15. Rad1 Bf4 16. Qxc6+ Kf7 17. g3 e4 18. Qc4+ Kf6 19. Nd4 Rd6 20. gxf4 Qd7 21. Qc3 Kf7 22. Qb3+ Kf6 23. Qc3 Kf7 24. Qb3+ Ke7 25. c3 c5 26. Ne2 Rd3 27. Ng3 h5 28. Rde1 h4 29. Rxe4+ Kf6 30. Qc4 hxg3 31. hxg3 Qh3 32. Re6+ Qxe6 33. Qxd3 Qh3 34. Qd6+ Kf7 35. Qd5+ Kg6 36. Qg2 Qf5 37. Re1 Rd8 38. Qe4 Rd2 39. Qxf5+ Kxf5 40. Re5+ Kg4 41. Rxc5 Kf3 42. Re5 Rxf2 43. Rb5 Rc2 0-1


[Site "https://www.chess.com"]

[Event "Titled Tuesday Blitz May 23 Late 2023"]
[White "Mekhitarian, Krikor Sevag"]
[Black "Filgueira, Hernan"]
[WhiteFideId "2107660"]
[BlackFideId "101770"]
[WhiteElo "2604"]
[BlackElo "2363"]
[Result "1-0"]
[Round "04"]
[TimeControl "180+2"]
[Date "2023.05.23"]
[WhiteClock "0:00:02"]
[BlackClock "0:00:00"]

1. Nf3 d6 2. d4 g6 3. c4 Bg7 4. e4 Nf6 5. Nc3 O-O 6. h3 Na6 7. Be3 Qe8 8. Be2 e5 9. d5 Nc5 10. Nd2 a5 11. g4 Qe7 12. h4 c6 13. h5 Nfd7 14. Rg1 Re8 15. g5 gxh5 16. Qc2 Nf8 17. Bxh5 Ng6 18. Be2 Nf4 19. Bf1 Bd7 20. O-O-O cxd5 21. cxd5 Rec8 22. Kb1 Na4 23. Nc4 b5 24. Nxa4 bxa4 25. Qd2 Rab8 26. Rc1 Be8 27. Nxa5 Rxc1+ 28. Kxc1 Qc7+ 29. Kb1 a3 30. b3 Rc8 31. Nc4 Rb8 32. f3 Bb5 33. Qc2 Qd7 34. Rh1 Bxc4 35. Bxc4 Qe7 36. Rg1 Rc8 37. Qd2 Ra8 38. Qb4 Bf8 39. Qb6 Qd7 40. Rg3 Nh5 41. Rg4 Nf4 42. Qc6 Qd8 43. Qb5 Rb8 44. Qa4 Qc7 45. Kc2 Ne2 46. Qxa3 Nd4+ 47. Bxd4 exd4 48. Kd3 Qe7 49. Qc1 Qa7 50. a4 Qa5 51. Qd2 Qb6 52. Rg1 Bg7 53. f4 1-0


[Site "https://www.chess.com"]

[Event "Titled Tuesday Blitz May 23 Late 2023"]
[White "Gubajdullin, Alexei"]
[Black "Panesar Vedant"]
[WhiteFideId "4141202"]
[BlackFideId "35033018"]
[WhiteElo "2279"]
[BlackElo "2347"]
[Result "1-0"]
[Round "04"]
[TimeControl "180+2"]
[Date "2023.05.23"]
[WhiteClock "0:00:21"]
[BlackClock "0:00:04"]

1. d4 Nf6 2. Nf3 g6 3. Bf4 Bg7 4. e3 O-O 5. Be2 c5 6. O-O d6 7. c3 b6 8. h3 Bb7 9. a4 Nbd7 10. Qb3 Qc7 11. Rd1 a6 12. d5 Rfc8 13. c4 b5 14. axb5 axb5 15. Rxa8 Rxa8 16. Qxb5 Ba6 17. Qc6 Qxc6 18. dxc6 Nb6 19. b4 cxb4 20. c5 Nc8 21. Bxa6 Rxa6 22. cxd6 exd6 23. Bxd6 Rxc6 24. Bxb4 h6 25. Nc3 Nb6 26. Nd4 Rc4 27. Ba5 Nbd5 28. Nxd5 Nxd5 29. Nf3 Rc5 30. Be1 h5 31. Kf1 Bf6 32. Rd3 Nc3 33. Bxc3 Bxc3 34. h4 Bf6 35. g3 Kg7 36. Kg2 Rc2 37. Nd2 Ra2 38. Ne4 Ra7 39. Kf3 Ra2 40. Rd6 Be5 41. Rc6 Ra7 42. Ng5 Bf6 43. Ne4 Be5 44. Rc5 Bf6 45. Rd5 Re7 46. Nd6 Re6 47. e4 Be7 48. Nc4 Bf6 49. e5 Be7 50. Nd2 f6 51. exf6+ Rxf6+ 52. Kg2 Re6 53. Rd7 Kf6 54. Kf3 Kf7 55. Ne4 Ke8 56. Rb7 Ra6 57. Kf4 Ra2 58. Ke5 Ra5+ 59. Ke6 Ra6+ 60. Kd5 Ra5+ 61. Ke6 Ra6+ 62. Ke5 Ra5+ 63. Kf4 Rf5+ 64. Ke3 Rd5 65. Ke2 Re5 66. Kd3 Rd5+ 67. Kc4 Re5 68. Kd4 Ra5 69. f4 Rf5 70. Kd3 Ra5 71. Rb3 Rd5+ 72. Ke3 Ra5 73. Kf3 Rd5 74. Rc3 Ra5 75. Re3 Kf7 76. Rd3 Ke8 77. Nc3 Ra3 78. Ke4 Kf7 79. Nd5 Ra4+ 80. Kf3 Ra5 81. Ne3 Bf6 82. Rb3 Ra7 83. Nd5 Be7 84. Rb6 Rd7 85. Ke4 Bd8 86. Rc6 Be7 87. Ke5 Bd8 88. Ra6 Rb7 89. f5 gxf5 90. Kxf5 Rb5 91. Rd6 Ba5 92. Rd7+ Ke8 93. Ke6 Be1 94. Nf6+ Kf8 95. Rf7# 1-0


[Site "https://www.chess.com"]

[Event "Titled Tuesday Blitz May 23 Late 2023"]
[White "Pakleza, Zbigniew"]
[Black "Veiga, Jose Francisco R P Neves"]
[WhiteFideId "1119290"]
[BlackFideId "1930087"]
[WhiteElo "2410"]
[BlackElo "2320"]
[Result "1-0"]
[Round "04"]
[TimeControl "180+2"]
[Date "2023.05.23"]
[WhiteClock "0:00:06"]
[BlackClock "0:00:03"]

1. d4 Nf6 2. Nf3 e6 3. Bf4 c5 4. c3 b6 5. e3 Bb7 6. Nbd2 Be7 7. h3 O-O 8. Bd3 Nc6 9. O-O cxd4 10. cxd4 d5 11. Qa4 a6 12. Rfc1 b5 13. Qd1 Qb6 14. a4 Rfc8 15. Nb3 Nb4 16. Be2 Rxc1 17. Rxc1 bxa4 18. Nc5 Bc6 19. Nxa4 Qa5 20. Nc5 Nd7 21. Nxd7 Bxd7 22. Rc7 Rd8 23. Qc1 Bf8 24. Qc3 Bb5 25. Bxb5 Qxb5 26. Ng5 Rd7 27. Rc8 h6 28. Nf3 f6 29. b3 Kf7 30. Rb8 Qc6 31. Rxf8+ Kxf8 32. Qxb4+ Kf7 33. Qa3 Rb7 34. b4 Qc4 35. Bd6 Rb5 36. Bc5 a5 37. bxa5 Rb1+ 38. Kh2 Qf1 39. a6 Qh1+ 40. Kg3 Ra1 41. Qb2 h5 42. Qb7+ Kg6 43. Qd7 h4+ 44. Nxh4+ Kh7 45. Nf3 Qb1 46. Qxe6 Qg6+ 47. Qg4 Rxa6 48. Qxg6+ Kxg6 49. Nh4+ Kf7 50. Nf3 g5 51. Ne1 Kg6 52. Nd3 Kf5 53. Nb4 Rd6 54. Bxd6 Ke4 55. Bc5 f5 56. Nc6 f4+ 57. exf4 gxf4+ 58. Kg4 f3 59. gxf3+ 1-0


[Site "https://www.chess.com"]

[Event "Titled Tuesday Blitz May 23 Late 2023"]
[White "Paichadze, Luka"]
[Black "Ollier, Pablo"]
[WhiteFideId "13602934"]
[BlackFideId "652318"]
[WhiteElo "2540"]
[BlackElo "2575"]
[Result "1-0"]
[Round "04"]
[TimeControl "180+2"]
[Date "2023.05.23"]
[WhiteClock "0:01:24"]
[BlackClock "0:00:05"]

1. e4 e5 2. d4 exd4 3. Qxd4 Nc6 4. Qe3 Nf6 5. Nc3 Be7 6. Bd2 d5 7. exd5 Nxd5 8. Qg3 Ncb4 9. O-O-O Nxc3 10. bxc3 Nxa2+ 11. Kb2 Be6 12. Nf3 c6 13. Nd4 Qa5 14. Nxe6 Qa3+ 15. Kb1 fxe6 16. Bc4 Bd6 17. Qxg7 O-O-O 18. Bxa2 Rhg8 19. Bxe6+ 1-0


[Site "https://www.chess.com"]

[Event "Titled Tuesday Blitz May 23 Late 2023"]
[White "Sethuraman, S.P."]
[Black "Danielyan, Vahe"]
[WhiteFideId "5021596"]
[BlackFideId "13304828"]
[WhiteElo "2543"]
[BlackElo "2423"]
[Result "1-0"]
[Round "04"]
[TimeControl "180+2"]
[Date "2023.05.23"]
[WhiteClock "0:00:15"]
[BlackClock "0:00:00"]

1. c4 Nf6 2. Nf3 g6 3. d4 Bg7 4. Nc3 d5 5. h4 O-O 6. h5 dxc4 7. hxg6 hxg6 8. e4 Bg4 9. Bxc4 c5 10. d5 Nbd7 11. Be2 c4 12. Bf4 b5 13. a3 Nc5 14. e5 Nh5 15. Be3 Nd3+ 16. Bxd3 cxd3 17. Qxd3 Rc8 18. Nh4 Qa5 19. Bd2 Qc7 20. e6 Qe5+ 21. Kf1 Nf4 22. Qg3 Rxc3 23. Bxc3 Qe2+ 24. Kg1 fxe6 25. Bxg7 Kxg7 26. Qc3+ e5 27. Re1 Qc4 28. Qxe5+ Kg8 29. Qg5 Ne2+ 30. Kh2 Rxf2 31. Qxg6+ Kf8 32. Qh6+ Ke8 33. Qh8+ Kd7 34. Qe5 Bh3 35. Kxh3 Nf4+ 36. Kg3 Re2 37. Rxe2 Nxe2+ 38. Kf2 Qd4+ 39. Qxd4 1-0


[Site "https://www.chess.com"]

[Event "Titled Tuesday Blitz May 23 Late 2023"]
[White "Holt, Conrad"]
[Black "Adewumi, Tanitoluwa"]
[WhiteFideId "2034387"]
[BlackFideId "30966396"]
[WhiteElo "2592"]
[BlackElo "2571"]
[Result "1-0"]
[Round "04"]
[TimeControl "180+2"]
[Date "2023.05.23"]
[WhiteClock "0:00:10"]
[BlackClock "0:00:12"]

1. d4 Nf6 2. c4 e6 3. Nc3 Bb4 4. Qc2 O-O 5. e4 d5 6. e5 Ne4 7. Bd3 c5 8. Nf3 cxd4 9. Nxd4 Nd7 10. Bf4 Ndc5 11. O-O Bxc3 12. bxc3 Nxd3 13. Qxd3 b6 14. cxd5 Qe7 15. Qe3 Qd8 16. Qd3 exd5 17. Rad1 Qd7 18. Rfe1 Bb7 19. c4 dxc4 20. Qxc4 Qg4 21. Bg3 Rac8 22. Qb3 Nxg3 23. Qxg3 Qxg3 24. hxg3 Rfd8 25. Nb5 Kf8 26. Nd6 Rc7 27. Rc1 Rdd7 28. f4 g6 29. g4 Ke7 30. Kf2 Bd5 31. a3 f6 32. Nb5 Rxc1 33. exf6+ Kxf6 34. Rxc1 h5 35. gxh5 gxh5 36. g3 Kf5 37. Ke3 Re7+ 38. Kf2 Kg4 39. Nc3 Bc4 40. Rd1 b5 41. Rh1 Kf5 42. Rxh5+ Kf6 43. Rg5 a5 44. Nxb5 Re2+ 45. Kf3 Ra2 46. Ke4 Rb2 47. Nc3 Be6 48. Kd4 Rb3 49. Ne4+ Ke7 50. Rxa5 Rf3 51. Ke5 Re3 52. Ra7+ Bd7 53. Kd4 Re1 54. Nc5 Rd1+ 55. Kc3 Rc1+ 56. Kd4 Rd1+ 57. Ke3 Rc1 58. Rxd7+ Kf6 59. Rd5 Rc2 60. Kf3 Rc3+ 61. Kg4 Rxa3 62. Ne4+ Kg7 63. Re5 Kh8 64. f5 Ra4 65. Kf4 Kg8 66. g4 Kh8 67. Kg5 Kh7 68. Re7+ Kh8 69. Kg6 Ra6+ 70. f6 Ra8 71. Rh7+ Kg8 72. f7+ Kf8 73. Rh8+ Ke7 74. Rxa8 Kd7 75. f8=Q Ke6 76. Qd6# 1-0


[Site "https://www.chess.com"]

[Event "Titled Tuesday Blitz May 23 Late 2023"]
[White "Makridis, Dimitrios"]
[Black "ArtemDyachuk"]
[WhiteFideId "25864475"]
[WhiteElo "2277"]
[BlackElo "2570"]
[Result "1-0"]
[Round "04"]
[TimeControl "180+2"]
[Date "2023.05.23"]
[WhiteClock "0:01:33"]
[BlackClock "0:00:00"]

1. e4 c6 2. d4 d5 3. exd5 cxd5 4. Bd3 Nc6 5. c3 Nf6 6. h3 g6 7. Nf3 Bg7 8. O-O O-O 9. Re1 Ne4 10. Bf4 Nd6 11. Nbd2 f6 12. c4 e5 13. dxe5 fxe5 14. Bg5 Qb6 15. cxd5 Nd4 16. Nxe5 h6 17. Ndc4 Qc5 18. Be7 N4f5 19. Bxf5 gxf5 20. Bxd6 1-0


[Site "https://www.chess.com"]

[Event "Titled Tuesday Blitz May 23 Late 2023"]
[White "Riehle, Marco"]
[Black "Mortazavi, Ali"]
[WhiteFideId "12904392"]
[BlackFideId "401323"]
[WhiteElo "2462"]
[BlackElo "2339"]
[Result "1-0"]
[Round "04"]
[TimeControl "180+2"]
[Date "2023.05.23"]
[WhiteClock "0:00:28"]
[BlackClock "0:00:06"]

1. e4 c6 2. c4 e5 3. d4 d6 4. Nc3 Nd7 5. d5 Ngf6 6. f3 cxd5 7. cxd5 g6 8. Be3 Bg7 9. Qd2 O-O 10. Bd3 a6 11. Nge2 b5 12. a3 Nb6 13. O-O Bd7 14. Rfc1 Nc4 15. Bxc4 bxc4 16. Na2 Rc8 17. Qb4 Rb8 18. Qxd6 Rxb2 19. Nac3 Nh5 20. Rab1 Rb3 21. Qxa6 Nf4 22. Qxc4 Rxa3 23. Nxf4 exf4 24. Bd4 Bxd4+ 25. Qxd4 Qg5 26. e5 Bf5 27. Ne4 Bxe4 28. Qxe4 Ra2 29. Rc2 Rxc2 30. Qxc2 Qxe5 31. Qe4 Qd6 32. h3 Rd8 33. Rd1 h5 34. Rd4 g5 35. Rd1 Qf6 36. Qb4 Rd6 37. Qe4 Kg7 38. Kh2 Rb6 39. Qd3 Rd6 40. Qd2 Rd8 41. d6 g4 42. fxg4 hxg4 43. hxg4 Rh8+ 44. Kg1 Qh4 45. Qd4+ f6 46. d7 Qh2+ 47. Kf1 Qh1+ 48. Kf2 Qh4+ 49. Ke2 Qg3 50. d8=Q Qxg2+ 51. Kd3 Rh3+ 52. Kc4 Qc6+ 53. Kb4 Qb7+ 54. Q8b6 Qf3 55. Qbxf6+ Kh7 56. Qg7# 1-0


[Site "https://www.chess.com"]

[Event "Titled Tuesday Blitz May 23 Late 2023"]
[White "Ibadov, Dashgyn"]
[Black "Schmakel, Sam"]
[WhiteFideId "24107514"]
[BlackFideId "2039311"]
[WhiteElo "2208"]
[BlackElo "2356"]
[Result "0-1"]
[Round "04"]
[TimeControl "180+2"]
[Date "2023.05.23"]
[WhiteClock "0:00:00"]
[BlackClock "0:00:17"]

1. e4 g6 2. d4 Bg7 3. Nc3 d6 4. Nf3 a6 5. h4 h6 6. Be3 b5 7. h5 g5 8. Bd3 Nd7 9. e5 e6 10. a4 b4 11. Ne4 d5 12. Ng3 c5 13. O-O cxd4 14. Bxd4 Ne7 15. Re1 Nc6 16. c3 a5 17. Bb5 Nxd4 18. cxd4 Ba6 19. Bxa6 Rxa6 20. Qd3 Rc6 21. Rac1 Qc7 22. Rxc6 Qxc6 23. Qd2 Qxa4 24. Rc1 Nb6 25. Rc7 O-O 26. Nxg5 hxg5 27. Qxg5 Qd1+ 28. Kh2 Qxd4 29. f4 Qd3 30. f5 Kh8 31. fxe6 Qh7 32. exf7 Bh6 33. Qf6+ Qg7 34. Qxb6 Bf4 35. Qf2 Qxe5 36. Rd7 Qxh5+ 37. Kg1 Qd1+ 38. Nf1 Qg4 39. Rxd5 Rxf7 40. Qd4+ Kh7 41. Qe4+ Qg6 42. Qd4 Rg7 0-1


[Site "https://www.chess.com"]

[Event "Titled Tuesday Blitz May 23 Late 2023"]
[White "Chylewski, Patryk"]
[Black "Kuznetsov, Felix"]
[WhiteFideId "1186191"]
[BlackFideId "34147990"]
[WhiteElo "2163"]
[BlackElo "2281"]
[Result "0-1"]
[Round "04"]
[TimeControl "180+2"]
[Date "2023.05.23"]
[WhiteClock "0:00:00"]
[BlackClock "0:00:03"]

1. e4 c5 2. Nf3 Nc6 3. g3 d5 4. exd5 Qxd5 5. Bg2 Bg4 6. h3 Qe6+ 7. Kf1 Bh5 8. d3 Qd7 9. Be3 e6 10. Nc3 Bd6 11. Ne4 b6 12. Nxd6+ Qxd6 13. g4 Bg6 14. Ne5 Nge7 15. Bf4 Qd4 16. Nxc6 Qxf4 17. Nxe7 Kxe7 18. Bxa8 Rxa8 19. Qe2 Rd8 20. Qe3 Qf6 21. Rb1 c4 22. dxc4 Bxc2 23. Rc1 Qxb2 24. Kg2 Ba4 25. Kh2 Rd2 26. Kg3 Bc6 27. Rhd1 Re2 28. Qd4 Qxd4 29. Rxd4 Rxa2 30. c5 b5 31. Rd6 Bd5 32. g5 b4 33. Rb1 b3 34. Rxd5 exd5 35. Rxb3 a5 36. Rb7+ Ke6 37. c6 Rc2 38. c7 a4 39. Ra7 a3 40. Rxa3 Rxc7 41. Ra6+ Kf5 42. h4 Rd7 43. Ra3 d4 0-1


[Site "https://www.chess.com"]